 Dungeon Crawl Stone Soup version 0.28.0-45-g0d030f2227 (webtiles) character file.

Game seed: 17552661881002880630

886 pkoi the Conjurer (level 7, -3/50 HPs)
             Began as a Demigod Conjurer on Apr 13, 2022.
             Killed by nerve-wracking pain
             ... invoked by a shadow imp
              (7 damage)
             ... on level 5 of the Dungeon.
             The game lasted 00:08:13 (6339 turns).

pkoi the Conjurer (Demigod Conjurer)                Turns: 6339, Time: 00:08:14

Health: -3/50      AC:  4    Str:  8    XL:     7   Next: 47%
Magic:  4/14       EV: 12    Int: 28    God:
Gold:   271        SH:  0    Dex: 12    Spells: 1/12 levels left

rFire   . . .      SeeInvis .   n - +3 dagger (speed)
rCold   . . .      Faith    .   (no shield)
rNeg    + . .      Spirit   .   a - +0 robe
rPois   .          Reflect  .   (no helmet)
rElec   .          Harm     .   o - +0 cloak
rCorr   .          Rampage  .   p - +0 pair of gloves
Will    .....                   (no boots)
Stlth   ++........              b - amulet "Ose Raar" {RegenMP rN+}
HPRegen 0.16/turn               (no ring)
MPRegen 0.54/turn               (no ring)

@: mighty, hasted, very quick
A: high MP 1, forlorn, divine attributes
a: no special abilities


You were on level 5 of the Dungeon.
You visited 1 branch of the dungeon, and saw 5 of its levels.

You collected 271 gold pieces.

Inventory:

Hand Weapons
 c - a +0 short sword of electrocution
 e - a +0 club
 f - a +0 whip
 i - a +1 vampiric dagger
 k - a +0 whip of freezing
 n - a +3 dagger of speed (weapon)
Armour
 a - a +0 robe (worn)
 o - a +0 cloak (worn)
 p - a +0 pair of gloves (worn)
Jewellery
 b - the amulet "Ose Raar" (around neck) {RegenMP rN+}
   (You acquired it on level 2 of the Dungeon)

   [amulet of magic regeneration]

   It increases your rate of magic regeneration.
   rN:        It protects you from negative energy.
Wands
 j - a wand of digging (10)
Scrolls
 h - a scroll of fog
 m - a scroll of amnesia
Potions
 d - a potion of curing
 g - a potion of haste
 l - 3 potions of cancellation
 q - a potion of ambrosia {unknown}
 r - a potion of might


   Skills:
 - Level 1.7 Dodging
 - Level 1.7 Stealth
 - Level 3.0 Spellcasting
 + Level 6.2 Conjurations
 * Level 3.2 Hexes
 * Level 4.3 Translocations


You had one spell level left.
You knew the following spells:

 Your Spells              Type           Power      Damage    Failure   Level
a - Magic Dart            Conj           100%       1d8       1%          1
b - Searing Ray           Conj           76%        2d7       1%          2
c - Iskenderun's Mystic   Conj/Tloc      33%        2d8       10%         4
d - Fulminant Prism       Conj/Hex       15%        3d11      12%         4

Your spell library contained the following spells:

 Spells                   Type           Power      Damage    Failure   Level
 Dazzling Flash           Conj/Hex       60%        N/A       3%          3
 Gell's Gravitas          Tloc           28%        N/A       4%          3
 Lesser Beckoning         Tloc           28%        N/A       4%          3
 Teleport Other           Tloc           28%        N/A       4%          3
 Iskenderun's Battlesphe  Conj           38%        2d9       19%         5
 Fireball                 Conj/Fire      10%        3d6       54%         5
 Conjure Ball Lightning   Conj/Air       10%        3x3d6     98%         6
 Orb of Destruction       Conj           19%        9d8       99%         7


Dungeon Overview and Level Annotations

Branches:
Dungeon (5/15)
 Temple: D:4-7

Annotations:
D:3 3 runed translucent doors, Antichthon's ghost, weakling NaWr


Innate Abilities, Weirdness & Mutations

You have an increased reservoir of magic. (+10% MP)
You shall have no god before yourself.
Your divine heritage dramatically boosts your attributes as you level up.


Message History

The hound zombie is knocked back by the mystic blast.
Your magical contamination has completely faded away.
Unknown command.
Unknown command.
The gnoll hits you from afar with a +0 spear.
* * * LOW HITPOINT WARNING * * *
It was a potion of might.
You feel very mighty all of a sudden.
The gnoll hits you from afar with a +0 spear.
* * * LOW HITPOINT WARNING * * *
It was a potion of curing.
You feel better. The gnoll closely misses you.
It was a potion of haste.
You feel yourself speed up. The hound zombie closely misses you.
The dart slug bites you.
* * * LOW HITPOINT WARNING * * *
The gnoll hits you from afar with a +0 spear.
* * * LOW HITPOINT WARNING * * *
The dart slug launches a dart at you.
The slug dart hits you but does no damage.
Casting: Iskenderun's Mystic Blast (dangerous; 10% risk of failure)
Confirm with . or Enter, or press ? or * to list all spells.
You erupt in a blast of force!
The mystic blast hits the hound zombie!
The hound zombie is almost destroyed.
The hound zombie is knocked back by the mystic blast.
The mystic blast hits the dart slug!
The dart slug is severely wounded.
The dart slug is knocked back by the mystic blast.
The dart slug collides with the gnoll!
The gnoll is heavily wounded.
You kill the dart slug!
Unknown command.
A shadow imp comes into view.
The shadow imp shouts!
The shadow imp moves out of view.
The shadow imp closely misses you.
You are no longer glowing.
The shadow imp hits you.
* * * LOW HITPOINT WARNING * * *
The shadow imp gestures at you. Pain shoots through your body!
You die...

.......#......
.######...##....#.))).. .
..........#......#####
#....)......##......####
###............##.#.....##
####....##?......##......$.#.
.).......#........#..........
.....................###.....
.......#...@........# ...... #
#...#....[......###...... ##.
##..........$....#.#.###..
#..##......5.............#
......#....#.##...>.....## .
......#.#Z##.##......[...# ..
.........###.###.........##...
##..#...g##...#...............
#.. ##....#############..####.


You could see a gnoll, a shadow imp and a hound zombie.

Vanquished Creatures
  An ice beast (D:4)
  A black bear (D:4)
  An ogre (D:4)
  A howler monkey (D:5)
  A jelly (D:4)
  A gnoll shaman (D:5)
  2 hounds
  3 bullfrog skeletons
  Ijyb (D:3)
  A centaur skeleton (D:4)
  3 iguanas (D:5)
  Robin (D:3)
  A howler monkey skeleton (D:4)
  4 adders
  3 gnolls
  A white imp (D:3)
  An adder skeleton (D:5)
  7 dart slugs
  2 worms
  5 orcs
  8 ball pythons
  10 endoplasms
  23 goblins
  16 hobgoblins
  9 jackals
  3 quokkas
  5 bats
  3 frilled lizards
  7 kobolds
  9 rats
134 creatures vanquished.

Notes
Turn   | Place    | Note
-------+----------+-------------------------------------------
     0 | D:1      | pkoi the Demigod Conjurer began the quest for the Orb.
     0 | D:1      | Reached XP level 1. HP: 14/14 MP: 5/5
   504 | D:1      | Reached skill level 4 in Conjurations
   504 | D:1      | Reached XP level 2. HP: 13/20 MP: 0/7
   639 | D:1      | Learned a level 2 spell: Searing Ray
   928 | D:1      | Reached XP level 3. HP: 26/26 MP: 5/9
  1682 | D:2      | Identified a scroll of acquirement
  1682 | D:2      | Acquired the amulet "Ose Raar" {RegenMP rN+}
  2744 | D:3      | Found a runed translucent gate.
  2744 | D:3      | Found a runed translucent gate.
  2744 | D:3      | Found a runed translucent gate.
  2823 | D:3      | Reached XP level 4. HP: 33/33 MP: 8/10
  2828 | D:3      | Learned a level 4 spell: Iskenderun's Mystic Blast
  2838 | D:3      | Noticed Antichthon's ghost (weakling NaWr)
  3338 | D:3      | Noticed Ijyb
  3344 | D:3      | Killed Ijyb
  3345 | D:3      | Reached skill level 5 in Conjurations
  3345 | D:3      | Reached skill level 1 in Translocations
  3523 | D:3      | Noticed Robin
  3552 | D:3      | Killed Robin
  3568 | D:3      | Reached XP level 5. HP: 38/38 MP: 10/12
  4348 | D:4      | Noticed a black bear
  5052 | D:4      | Reached XP level 6. HP: 45/45 MP: 10/13
  5057 | D:4      | Learned a level 4 spell: Fulminant Prism
  5067 | D:4      | Reached skill level 1 in Hexes
  5512 | D:4      | Reached XP level 7. HP: 50/50 MP: 10/14
  5883 | D:5      | Entered Level 5 of the Dungeon
  5913 | D:5      | Reached skill level 6 in Conjurations
  6323 | D:5      | HP: 1/50 [gnoll/+0 spear (2)]
  6339 | D:5      | Killed from afar by a shadow imp

Illustrated notes

Levels and vault maps discovered:
D:1:      dpeg_arrival_rooms_c, layout_loops_corners, hex_large,
          chequers_serial_rivers_small_a
D:2:      layout_loops_ring, hex_tiny
D:3:      layout_loops_cross, fedhas_altar_1,
          mainiacjoe_overflow_surrounded_room, lemuel_doored_altar,
          gammafunk_ghost_icy, dk_vineyard_1, minmay_misc_feat_rows, uniq_ijyb,
          uniq_robin
D:4:      kennysheep_goblin_castle, layout_loops_ring, xom_redecorated,
          minmay_diced_spiral
D:5:      layout_cave_pools, gup_sewer_entry_spiral, lightli_minifort

Skill      XL: |  1  2  3  4  5  6  7 |
---------------+----------------------+-----
Spellcasting   | 2 3 |  3.0
Conjurations   | 4 5 6 |  6.2
Translocations | 1 2 3 4 |  4.3
Hexes          | 2 3 |  3.2
Dodging        | |  1.7
Stealth        | |  1.7

Action                   |  1- 3 |  4- 6 |  7- 9 || total
-------------------------+-------+-------+-------++-------
Melee: Whip              |    15 |       |       ||    15
 Cast: Magic Dart        |   104 |   120 |    24 ||   248
       Searing Ray       |       |    13 |    10 ||    23
       Iskenderun's Myst |       |       |     5 ||     5
  Use: Scroll            |     5 |     2 |     1 ||     8
       Potion            |     2 |       |     3 ||     5
Armor: Robe              |     3 |     2 |     7 ||    12
Dodge: Dodged            |    24 |    21 |    23 ||    68
